 Dungeon Crawl Stone Soup version 0.28-a0-1236-gb25a51b929 (webtiles) character file.

Game seed: 9193699680528684414

33 enile the Skirmisher (level 3, -16/33 HPs)
             Began as a Ghoul Monk on Dec 26, 2021.
             Demolished by Jessica (18 damage)
             ... on level 2 of the Dungeon.
             The game lasted 00:02:21 (1204 turns).

enile the Skirmisher (Ghoul Monk)                   Turns: 1204, Time: 00:02:22

Health: -16/33     AC:  6    Str: 14 (16) XL:     3   Next: 29%
Magic:  2/2        EV: 11    Int:  5      God:
Gold:   50         SH:  0    Dex: 10 (11) Spells: 2/2 levels left

rFire   . . .      SeeInvis .     - Unarmed
rCold   + . .      Faith    .   (no shield)
rNeg    + + +      Spirit   .   b - +1 ring mail
rPois   ∞          Reflect  .   (no helmet)
rElec   .          Harm     .   (no cloak)
rCorr   .          Rampage  .   (no gloves)
Will    .....                   (no boots)
Stlth   +.........              (no amulet)
HPRegen 0.00/turn               (no ring)
MPRegen 0.08/turn               (no ring)

@: inhibited regen
A: claws 1, cold resistance 1, negative energy resistance 3, inhibited
regeneration, torment resistance 2
a: no special abilities


You were on level 2 of the Dungeon.
You visited 1 branch of the dungeon, and saw 2 of its levels.

You collected 50 gold pieces.

Inventory:

Armour
 a - a +0 robe
 b - a +1 ring mail (worn)
Jewellery
 e - a +4 ring of protection
Scrolls
 d - 3 scrolls of identify {unknown}
Potions
 c - 3 potions of heal wounds {unknown}
 h - a potion of attraction {unknown}


   Skills:
 - Level 4.0 Fighting
 + Level 0.7 Armour
 - Level 2.6 Dodging
 - Level 2.1 Stealth
 - Level 4.0 Unarmed Combat


You had 2 spell levels left.
You didn't know any spells.
Your spell library was empty.

Dungeon Overview and Level Annotations

Branches:
Dungeon (2/15)

Altars:

Annotations:
D:2 Jessica


Innate Abilities, Weirdness & Mutations

You thrive by killing the living.
You are immune to poison.
You have sharp fingernails.
Your flesh is cold resistant. (rC+)
You are immune to negative energy. (rN+++)
You do not regenerate when monsters are visible.
You are immune to unholy pain and torment.


Message History

You kill the worm!
No target in view!
HP restored.
You see here a worm corpse.
Jessica the Apprentice Sorceress comes into view.
She is wielding a +3 dagger of electrocution.
Jessica is nearby!
Jessica is nearby!
Jessica shouts!
A bat comes into view.
Found 9 stones.
The bat barely misses you.
Jessica gestures wildly.
You barely miss Jessica. The bat hits you but does no damage.
Jessica hits you with a +3 dagger of electrocution.
You closely miss Jessica. The bat hits you but does no damage.
Jessica hits you with a +3 dagger of electrocution.
You scratch Jessica but do no damage. The bat hits you but does no damage.
The bat hits you.
Jessica hits you with a +3 dagger of electrocution.
You are electrocuted!
* * * LOW HITPOINT WARNING * * *
Unknown command.
It was a potion of mutation.
You feel extremely strange.
Your body decomposes!
You feel weakened.
Your body decomposes!
You feel weakened.
Your body decomposes!
You feel clumsy. The bat misses you.
Jessica shouts, "You're disturbing me!
I'll have to kill you!" Jessica hits you but does no damage.
As you read the scroll labelled JESORPH VIRO, it crumbles to dust.
It is a scroll of enchant armour.
Your +0 ring mail glows green for a moment.
The bat barely misses you.
Jessica hits you with a +3 dagger of electrocution.
* * * LOW HITPOINT WARNING * * *
You are electrocuted!!
Ouch! That really hurt!
You die...

#.. . #... ^#. ..
#..#### .. ...
#.....# ..#
...##..#.# ..#
........<#...#
#######...##...#.#
#..........@......
#......†..@#(#.#.
#:........b....#
#............#.#
#..............#
#................
#............#....
##........<......(
#................
#.............#


You could see Jessica and a bat.

Vanquished Creatures
  A gnoll (D:1)
  2 worms
  2 endoplasms (D:1)
  3 giant cockroaches (D:1)
  A goblin (D:1)
  A hobgoblin (D:1)
  2 kobolds (D:1)
  2 quokkas (D:1)
  A ball python (D:1)
  2 frilled lizards (D:1)
17 creatures vanquished.

Notes
Turn   | Place    | Note
-------+----------+-------------------------------------------
     0 | D:1      | enile the Ghoul Monk began the quest for the Orb.
     0 | D:1      | Reached XP level 1. HP: 19/19 MP: 0/0
   109 | D:1      | Reached XP level 2. HP: 27/27 MP: 1/1
   700 | D:1      | Reached XP level 3. HP: 29/33 MP: 2/2
  1195 | D:2      | Noticed Jessica
  1204 | D:2      | Demolished by Jessica

Illustrated notes

Levels and vault maps discovered:
D:1:      dpeg_arrival_brainrot, layout_basic, st_stairs_3, supply_closet_lemuel
D:2:      layout_basic, chequers_serial_rivers_large_b, minmay_octomino_c4,
          uniq_jessica

Skill      XL: |  1  2 |
---------------+-------+-----
Fighting       | 4 |  4.0
Unarmed Combat | 4 |  4.0
Armour         | |  0.7
Dodging        | |  2.6
Stealth        | |  2.1

Action                   || total
-------------------------++-------
Melee: Unarmed           ||    75
       Punch             ||     1
  Use: Scroll            ||     3
       Potion            ||     1
Armor: Ring mail         ||    19
Dodge: Dodged            ||    33

Table legend: (Time is in decaauts)
 A = Elapsed time spent in this place.
 B = Non-inter-level travel time spent in this place.
 C = Inter-level travel time spent in this place.
 D = Time resting spent in this place.
 E = Time spent auto-exploring this place.
 F = Levels seen in this place.
 G = Mean time per level.
                   A        B        C        D        E       F      G
               +--------+--------+--------+--------+--------+-----+--------+
         Total |   1197 |   1186 |     11 |     13 |    970 |   2 |  598.5 |
       Dungeon |   1197 |   1186 |     11 |     13 |    970 |   2 |  598.5 |
               +--------+--------+--------+--------+--------+-----+--------+

Top non-repeatable levels by time:
     D:1: 1129 daAuts
     D:2: 68 daAuts
